 Dungeon Crawl Stone Soup version 0.24.0-123-gd5b16e6ec5 (webtiles) character file.

Game seed: 429262372934589742, levelgen mode: deterministic

109 brucemayne the Chopper (level 4, 0/39 HPs)
             Began as a Hill Orc Monk on Jan 26, 2020.
             Succumbed to an adder's poison
             ... on level 2 of the Dungeon.
             The game lasted 00:03:54 (1084 turns).

brucemayne the Chopper (Hill Orc Monk)              Turns: 1084, Time: 00:03:55

Health: 0/39       AC:  6    Str: 11 (14) XL:     4   Next: 90%
Magic:  4/4        EV:  9    Int:  8 (10) God:
Gold:   68         SH:  5    Dex: 10 (13) Spells: 3/3 levels left

rFire    . . .     SeeInvis .   l - +0 war axe
rCold    . . .     Gourm    .   h - +0 buckler
rNeg     + . .     Faith    .   f - +0 ring mail
rPois    .         Spirit   .   q - +0 helmet
rElec    .         Reflect  +   (no cloak)
rCorr    .         Harm     .   (no gloves)
MR       .....                  (no boots)
Stlth    ..........             r - +2 amulet of reflection
HPRegen  0.13/turn              m - ring of positive energy
MPRegen  0.09/turn              (no ring)

@: lethally poisoned (0 -> -6), heavily drained
A: no striking features
a: no special abilities


You were on level 2 of the Dungeon.
You were hungry.

You visited 1 branch of the dungeon, and saw 3 of its levels.

You collected 68 gold pieces.

Inventory:

Hand Weapons
 a - a +0 hand axe
 l - a +0 war axe (weapon)
 n - a +4 short sword
Armour
 b - a +0 robe
 d - a +0 leather armour
 f - a +0 ring mail (worn)
 h - a +0 buckler (worn)
 i - a +0 chain mail
 q - a +0 helmet (worn)
Jewellery
 j - an uncursed amulet of the acrobat
 k - an uncursed amulet of harm
 m - a ring of positive energy (left hand)
 r - a +2 amulet of reflection (around neck)
Scrolls
 e - a scroll of random uselessness {unknown}
 p - a scroll of magic mapping {unknown}
Comestibles
 c - 5 rations
 o - a chunk of flesh


   Skills:
 - Level 3.6(2.0) Fighting
 + Level 6.1(4.4) Axes
 - Level 2.4(0.8) Dodging
 - Level 1.5(0.0) Stealth
 + Level 2.8(1.2) Shields


You had 3 spell levels left.
You didn't know any spells.
Your spell library was empty.

Dungeon Overview and Level Annotations

Branches:
Dungeon (3/15)

Altars:
Cheibriados
Okawaru

Annotations:
D:3 Sigmund


Message History

The adder barely misses you. The adder bites you.
* * * LOW HITPOINT WARNING * * *
The gnoll hits you but does no damage.
Okay, then.
The adder bites you.
* * * LOW HITPOINT WARNING * * *
You are poisoned.
The adder poisons you!
You feel sick.
You feel sick. The adder bites you.
* * * LOW HITPOINT WARNING * * *
You are more poisoned.
The adder poisons you!
It was a potion of degeneration.
There was something very wrong with that liquid.
You feel weakened.
You feel dopey.
You feel clumsy.
* * * LOW HITPOINT WARNING * * *
You feel sick. The adder barely misses you.
You die...

######## ##
#.g..g.#
##.####
#.####.#
#.#...#######.#
#.#
#.##....@.Sg.#
##g##
#.############
#.#.# #.# ##.g#
##.# ##g#
######..# ###
#.# ###.....#.#
..# #.#
........##.##
#.# ####.#
...8....# #.#.#
#.# #....#
..8.8..###
##.###.##
#.####


You could see a gnoll and an adder.

Vanquished Creatures
  A gnoll (D:2)
  5 adders
  2 dart slugs
  3 leopard geckos
  4 bats
  6 giant cockroaches
  7 goblins
  4 hobgoblins
  A quokka (D:2)
  A frilled lizard (D:1)
  6 kobolds
  9 rats
49 creatures vanquished.

Notes
Turn   | Place    | Note
-------+----------+-------------------------------------------
     0 | D:1      | brucemayne the Hill Orc Monk began the quest for the Orb.
     0 | D:1      | Reached XP level 1. HP: 19/19 MP: 1/1
   118 | D:1      | Reached XP level 2. HP: 22/26 MP: 2/2
   207 | D:2      | Reached skill level 5 in Axes
   217 | D:2      | Reached skill level 1 in Shields
   217 | D:2      | Reached XP level 3. HP: 7/31 MP: 3/3
   236 | D:2      | HP: 2/46 [poisoned by an adder]
   242 | D:2      | HP: 2/46 [poisoned by an adder]
   248 | D:2      | HP: 2/46 [poisoned by an adder]
   738 | D:2      | Reached XP level 4. HP: 32/39 MP: 4/4
   745 | D:2      | Found a faded altar of an unknown god.
   899 | D:3      | Found an iron altar of Okawaru.
   923 | D:3      | Reached skill level 6 in Axes
   970 | D:3      | Found a snail-covered altar of Cheibriados.
   990 | D:3      | Noticed Sigmund
  1082 | D:2      | HP: 1/39 [poisoned by an adder]
  1084 | D:2      | Succumbed to an adder's poison

Levels and vault maps discovered:
D:1:      dpeg_arrival_central, layout_basic, minmay_tromino_v4_c
D:2:      layout_loops_cross, chequers_ecumenical_altar_simple_redux
D:3:      layout_rooms, nicolae_overflow_hidden_temple, lemuel_doored_altar,
          overflow_temple_1_default, cheibriados_altar_1, lemuel_round_altar,
          uniq_grinder, uniq_crazy_yiuf_cottage, uniq_ijyb, uniq_sigmund

Skill      XL: |  1  2  3  4 |
---------------+-------------+-----
Axes           | 5 6 |  6.1
Shields        | 1 2 |  2.8
Fighting       | |  3.6
Dodging        | |  2.4
Stealth        | |  1.5

Action                   |  1- 3 |  4- 6 || total
-------------------------+-------+-------++-------
Melee: Hand axe          |   119 |    15 ||   134
       War axe           |       |    38 ||    38
  Use: Potion            |     2 |     1 ||     3
       Scroll            |     1 |       ||     1
Armor: Ring mail         |    46 |    23 ||    69
       Leather armour    |     3 |       ||     3
       Skin              |     2 |       ||     2
Dodge: Dodged            |    82 |    26 ||   108
Block: Buckler           |    10 |    11 ||    21
